cohdb
Replays
Latest Replays
All Replays
Popular Replays
Top Player Replays
Match Explorer
How It Works
Community
CoH3 Stats
Reddit
Sign in to upload your games and track your stats! →
Sign in with Steam
Match 38733433
Unlisted
Match 38733433
Overview
Messages
Build Orders
End
Construct Infanterie Kompanie
Grenadier Squad
Grenadier Squad
Grenadier Squad
Construct Panzergrenadier Kompanie
Panzergrenadier Squad
Selects Mechanized Battlegroup
Selects Mechanized Battlegroup
Support Elements
Panzergrenadier Squad
StuG III G Assault Gun
Selects Spotting Scopes
Selects Wespe Self-propelled Artillery
Wespe Self-propelled Artillery
Panzergrenadier Officer Quarters
StuG III G Assault Gun
Selects Raid Package
Selects StuG Assault Group
Selects Zeroing Artillery Barrage
Chad Kensington
ryuklikesapples
Yee2K
sharpshooter
0
0
Comments
sign in to comment!
No comments posted yet!